 Dungeon Crawl Stone Soup version 0.21.1-1-g345015f (webtiles) character file.

212 zishaf the Chopper (level 5, -4/47 HPs)
             Began as a Minotaur Fighter on May 12, 2018.
             Was an Initiate of Gozag.
             Slain by lomky's ghost (19 damage)
             ... on level 4 of the Dungeon.
             The game lasted 00:04:46 (2604 turns).

zishaf the Chopper (Minotaur Fighter)               Turns: 2604, Time: 00:04:47

Health: -4/47      AC: 10    Str: 21    XL:     5   Next: 58%
Magic:  4/4        EV: 11    Int:  5    God:    Gozag
Gold:   509        SH:  6    Dex: 10    Spells: 4/4 levels left

rFire    + . .     SeeInvis .   a - +0 war axe
rCold    . . .     Gourm    .   m - +2 buckler
rNeg     + . .     Faith    .   k - +2 ring mail {rF+}
rPois    .         Spirit   .   (helmet restricted)
rElec    .         Reflect  .   e - +0 cloak
rCorr    .         Harm     .   (no gloves)
MR       .....                  p - +0 pair of boots
Stlth    ..........             (no amulet)
HPRegen  0.15/turn              b - ring of positive energy
MPRegen  0.09/turn              (no ring)

@: no status effects
A: retaliatory headbutt, horns 2
a: Potion Petition, Call Merchant, Bribe Branch, Renounce Religion


You were on level 4 of the Dungeon.
You worshipped Gozag.
Gozag was pleased with you.
You were not hungry.

You visited 1 branch of the dungeon, and saw 4 of its levels.

You collected 509 gold pieces.

Inventory:

Hand Weapons
 a - a +0 war axe (weapon)
Armour
 e - a +0 cloak (worn)
 k - a +2 ring mail of fire resistance (worn)
 m - a +2 buckler (worn)
 p - a +0 pair of boots (worn)
Jewellery
 b - a ring of positive energy (left hand)
 n - an uncursed ring of wizardry {unknown}
Scrolls
 c - a scroll of immolation {unknown}
 g - 2 scrolls of fog {unknown}
 h - a scroll of remove curse {unknown}
 i - 2 scrolls of fear {unknown}
 o - 2 scrolls of amnesia {unknown}
 q - 5 scrolls of identify {unknown}
 t - a scroll of enchant armour {unknown}
 u - a scroll of enchant weapon {unknown}
Potions
 d - 4 potions of might
 j - 2 potions of flight {unknown}
 l - a potion of mutation {unknown}
 r - 4 potions of curing {unknown}
 s - a potion of haste {unknown}
Comestibles
 f - 3 rations


   Skills:
 + Level 4.4 Fighting
 - Level 5.0 Axes
 + Level 4.5 Armour
 + Level 2.1 Dodging
 - Level 4.0 Shields


You had 4 spell levels left.
You didn't know any spells.

Dungeon Overview and Level Annotations

Branches:
Dungeon (4/15)             Temple (0/1) D:4

Altars:
Cheibriados
Gozag
Vehumet

Annotations:
D:4 lomky's ghost, novice OpTm


Innate Abilities, Weirdness & Mutations

You reflexively headbutt those who attack you in melee.
You have a pair of horns on your head.


Message History

You are feeling very hungry.
You eat one of the 4 rations.
That ration really hit the spot!
q - 5 scrolls labeled ERROAH FEOTWU (gained 3)
You now have 509 gold pieces (gained 4).
HP restored.
Lomky's ghost (novice Octopode Transmuter) comes into view.
It is wielding a weapon of electrocution.
Lomky's ghost turns its malevolent gaze towards you.
Lomky's ghost hits you but does no damage.
You barely miss lomky's ghost. Lomky's ghost hits you.
You are electrocuted!
You barely miss lomky's ghost. You block lomky's ghost's attack.
Your ring mail prevents you from hitting lomky's ghost.
Lomky's ghost completely misses you.
You slash lomky's ghost!
Lomky's ghost is moderately damaged.
Lomky's ghost hits you.
You are electrocuted!
You hit lomky's ghost.
Lomky's ghost is moderately damaged.
Lomky's ghost hits you!
You are electrocuted!
You die...
Your body crumbles into a pile of gold.

#.# #.###.
#.# #.....
#.# ######
#.# #.#
#.# #.# #
.
##.###..#
#
#..@....#
#.#.#W##.#
#.##.##.#
#.# ...
... ##
.#.# #..
#.#.# ....
# ... ...
#. ..


You could see lomky's ghost.

Vanquished Creatures
  An orc wizard (D:3)
  An orc priest (D:3)
  A worker ant (D:4)
  Robin (D:2)
  2 adders
  An ooze (D:1)
  A worm (D:2)
  3 dart slugs
  3 leopard geckos
  2 orcs (D:3)
  A ball python (D:1)
  5 bats
  12 giant cockroaches
  15 goblins
  6 hobgoblins
  4 jackals (D:1)
  10 kobolds
  3 frilled lizards
  7 rats
79 creatures vanquished.

Notes
Turn   | Place    | Note
-------+----------+-------------------------------------------
     0 | D:1      | zishaf the Minotaur Fighter began the quest for the Orb.
     0 | D:1      | Reached XP level 1. HP: 19/19 MP: 0/0
    55 | D:1      | Reached skill level 3 in Axes
   139 | D:1      | Reached XP level 2. HP: 26/26 MP: 1/1
   414 | D:1      | Reached skill level 4 in Axes
   441 | D:1      | Reached XP level 3. HP: 30/31 MP: 2/2
   882 | D:2      | Found a radiant altar of Vehumet.
   975 | D:2      | Found a faded altar of an unknown god.
   983 | D:2      | Became a worshipper of Gozag Ym Sagoz the Greedy
  1084 | D:2      | Reached XP level 4. HP: 32/39 MP: 3/3
  1239 | D:2      | Reached skill level 5 in Axes
  1278 | D:2      | Noticed Robin
  1290 | D:2      | Killed Robin
  1629 | D:3      | Reached skill level 1 in Dodging
  1629 | D:3      | Reached XP level 5. HP: 29/46 MP: 4/4
  2193 | D:3      | Found a snail-covered altar of Cheibriados.
  2299 | D:4      | Found a staircase to the Ecumenical Temple.
  2597 | D:4      | Noticed lomky's ghost (novice OpTm)
  2604 | D:4      | Slain by lomky's ghost

Skill      XL: |  1  2  3  4  5 |
---------------+----------------+-----
Axes           | 3 4 5 |  5.0
Shields        | 4 |  4.0
Fighting       | 4 |  4.4
Armour         | 4 |  4.5
Dodging        | 1 2 |  2.1

Action                   |  1- 3 |  4- 6 || total
-------------------------+-------+-------++-------
Melee: War axe           |    90 |    86 ||   176
       Headbutt          |     8 |     9 ||    17
 Stab: Distracted        |     1 |       ||     1
  Eat: Chunk             |     1 |       ||     1
       Ration            |       |     2 ||     2
Armor: Scale mail        |     5 |       ||     5
       Ring mail         |    38 |    35 ||    73
Dodge: Dodged            |    33 |    27 ||    60
Block: Shield            |    38 |       ||    38
       Buckler           |    11 |    22 ||    33
